Cogmind - Beta 14 @@@ ROGUE MODE // 2024.10.08 @ 14:13:45 Player: Shockbound Result: Destroyed by G-34 Mercenary with Small Laser Performance ------------- Evolutions (0) 0 Regions Visited (1) 200 Robots Destroyed (16) 80 Value Destroyed (462) 462 Prototype IDs (2) 40 Alien Tech Used (0) 0 Bonus (0) 0 TOTAL SCORE: 782 Bonus ------- None Cogmind --------- Core Integrity 0/250 Matter 216/300 Energy 250/250 System Corruption 1% Temperature Cool (6) Movement Walking (120) Location -10/Materials Parts ------- > --- POWER (1) -------- Ion Engine > --- PROPULSION (2) --- Aluminum Leg Aluminum Leg > --- UTILITY (2) ------ Visual Processing Unit Core Shielding > --- WEAPON (2) ------- Light Assault Rifle Datajack > --- INVENTORY (5) ---- Light Treads High-capacity Storage Unit Signal Interpreter EM Pulse Gun Light Cannon Peak State ------------ > --- POWER ------------ Ion Engine > --- PROPULSION ------- Aluminum Leg Aluminum Leg > --- UTILITY ---------- Visual Processing Unit Core Shielding > --- WEAPON ----------- Light Assault Rifle Datajack > --- INVENTORY -------- Light Treads EM Pulse Gun Small Laser Particle Gun [Rating: 8] Favorites ----------- Power Ion Engine Engine Ion Engine Propulsion Aluminum Leg Treads Light Treads Leg Aluminum Leg Wheel Wheel Utility High-capacity Storage Unit Storage High-capacity Storage Unit Processor Visual Processing Unit Protection Core Shielding Weapon Datajack Energy Gun EM Pulse Gun Ballistic Gun Light Assault Rifle Launcher Grenade Launcher Special Melee Weapon Datajack Build | -11 -10 ------- Run | Yrd Mat Slots Evolved . | . . Power . | . . Propulsion . | . . Utility . | . . Weapon . | . . Parts Attached 23 | 4 19 Power 4 | 1 3 Engine 4 | 1 3 Core . | . . Reactor . | . . Propulsion 10 | 2 8 Treads 1 | . 1 Leg 7 | . 7 Wheel 2 | 2 . Hover . | . . Flight . | . . Utility 3 | . 3 Device . | . . Storage 1 | . 1 Processor 1 | . 1 Hackware . | . . Protection 1 | . 1 Artifact . | . . Weapon 6 | 1 5 Energy Gun 2 | . 2 Energy Cannon . | . . Ballistic Gun 2 | 1 1 Ballistic Cannon . | . . Launcher 1 | . 1 Special Weapon . | . . Impact Weapon . | . . Slashing Weapon . | . . Piercing Weapon . | . . Special Melee Weapon 1 | . 1 Unidentified Prototypes . | . . Parts Lost 6 | . 6 Power 1 | . 1 Propulsion 2 | . 2 Utility . | . . Weapon 3 | . 3 Highest Loss Streak 5 | . 5 To Critical Strikes . | . . Average Slot Usage (%) 79 | . 79 Engine 13 | . 13 Leg 24 | . 24 Wheel 2 | . 2 Storage 7 | . 7 Processor 2 | . 2 Protection 4 | . 4 Energy Gun 6 | . 6 Ballistic Gun 7 | . 7 Special Melee Weapon 8 | . 8 Peak Build Rating 8 | 4 8 Average Rating 5 | 2 5 On Entrance 2 | . 4 Naked Turns 1 | . 1 Heaviest Build 48 | 5 48 Greatest Support 20 | 20 20 Greatest Overweight (x) 2 | . 2 Average Overweight (x) . | . . Largest Inventory Capacity 20 | 5 20 Average Capacity 12 | 5 13 Most Carried 8 | 5 8 Average Carried 4 | 3 5 Final Capacity 5 | 5 5 Final Carried 5 | 5 5 Class Distribution -------------------- 100% | Mutant Dominant Class ---------------- Mutant | -10/Materials Resources | -11 -10 ----------- Run | Yrd Mat Matter Collected 500 | 270 230 Remotely . | . . Salvage Created 577 | 43 534 Parts 30 | 1 29 Haulers Intercepted . | . . Recyclers Shooed . | . . Parts Field Recycled . | . . Retrieved Matter . | . . Parts Self-Destructed . | . . Prevented . | . . Kills | -11 -10 ------- Run | Yrd Mat Combat Hostiles Destroyed 14 | 1 13 Guns 8 | 1 7 AOE 6 | . 6 Classes Destroyed 4 | 1 3 Recycler 1 | . 1 Watcher 1 | . 1 Swarmer 3 | . 3 Grunt 11 | 1 10 Best Kill Streak 7 | 1 7 Combat Bots Only 3 | 1 3 Max Kills in Single Turn 2 | 1 2 Gunslinging . | . . Exploded 2 | . 2 Melee . | . . Uniques/NPCs Destroyed . | . . Combat | -11 -10 -------- Run | Yrd Mat Hostile Shots Fired 100 | 10 90 Missed 34 | 1 33 Damage Taken 719 | 95 624 Core 257 | 54 203 Absorbed by Shields . | . . Redirected to Shielding 6 | . 6 Core Remaining (%) 78 | 78 . Volleys Fired 54 | 10 44 Largest 2 | 1 2 Hottest 50 | 20 50 Shots Fired 63 | 10 53 Gun 54 | 10 44 Cannon . | . . Launcher 9 | . 9 Special . | . . Kinetic 36 | 10 26 Thermal . | . . Explosive 9 | . 9 Electromagnetic 18 | . 18 Robot Hit Streak 11 | 3 11 Robot Miss Streak 6 | 2 6 Penetration Max . | . . Secondary Targets . | . . Shots Hit Robots 35 | 5 30 Core Hits 27 | 2 25 Critical Kills . | . . Critical Parts Destroyed . | . . Critical Strikes . | . . Melee Attacks 3 | . 3 Impact . | . . Slashing . | . . Piercing . | . . Sneak Attacks . | . . Combat Hostiles . | . . Follow-up Attacks . | . . Damage Inflicted 919 | 76 843 Guns 410 | 76 334 Cannons . | . . Explosions 508 | . 508 Melee . | . . Ramming 1 | . 1 Kinetic 210 | 76 134 Thermal 169 | . 169 Explosive 339 | . 339 Electromagnetic 200 | . 200 Impact . | . . Slashing . | . . Piercing . | . . Highest Corruption 1 | . 1 Average Corruption 1 | . 1 Corruption Purged . | . . Corruption Blocked . | . . Effects 6 | . 6 Message Errors 2 | . 2 Matter Fused 2 | . 2 Energy Discharges 1 | . 1 Data Loss (major) 1 | . 1 Overload Shots . | . . Overflow Damage 20 | . 20 Projectiles . | . . Explosions 20 | . 20 Melee . | . . Knockbacks . | . . Impact . | . . Kinetic . | . . Secondary . | . . Self-Inflicted Damage 14 | . 14 Shots 1 | . 1 Rammed . | . . Targets Rammed 1 | . 1 Kicked 1 | . 1 Crushed . | . . Highest Temperature 24 | . 24 Average Temperature 4 | . 4 Received Heat Transfer 336 | 54 282 Siege Activations . | . . Robots Corrupted . | . . Combat Hostiles . | . . Parts Fried . | . . Impact Corruptions . | . . Robots Melted . | . . Combat Hostiles . | . . Parts Melted . | . . Heat Transferred 200 | . 200 Parts Sabotaged . | . . Parts Stolen . | . . Parts Stripped . | . . Power Chain Reactions 3 | . 3 Alert | -11 -10 ------- Run | Yrd Mat Peak Influence 282 | 20 282 Initial 13 | . 13 Average 123 | 2 138 Maximum Alert Level 1 | . 1 Low Security (%) 76 | 100 73 Level 1 23 | . 26 Level 2 . | . . Level 3 . | . . Level 4 . | . . Level 5 . | . . High Security . | . . Max Security . | . . Squads Dispatched 4 | . 4 Investigation 2 | . 2 Extermination . | . . Reinforcement 2 | . 2 Assault . | . . Garrison . | . . Intercept . | . . Searches Triggered . | . . Construction Impeded . | . . Haulers Reinforced . | . . Active Scanning Responses . | . . Cargo Convoy Interrupts . | . . Stealth | -11 -10 --------- Run | Yrd Mat Distress Signals . | . . Communications Jammed . | . . Distress Signals . | . . Times Spotted 26 | 1 25 Peak Tracking Total 5 | 1 5 Tactical Retreats 1 | . 1 Traps | -11 -10 ------- Run | Yrd Mat Traps Triggered . | . . Indirectly . | . . Trap Hack Attempts . | . . Triggered . | . . Disarmed . | . . Reprogrammed . | . . Reused . | . . Traps Extracted . | . . Installed . | . . Triggered . | . . Machines | -11 -10 ---------- Run | Yrd Mat Machines Disabled 1 | . 1 Max in Single Turn 1 | . 1 Machines Repaired . | . . Machines Dismantled . | . . Machines Sabotaged . | . . Overloaded Fab Kills . | . . Hacking | -11 -10 --------- Run | Yrd Mat Machines Accessed 5 | . 5 Terminals 3 | . 3 Fabricators . | . . Repair Stations 1 | . 1 Recycling Units 1 | . 1 Scanalyzers . | . . Garrison Access . | . . Total Hacks 18 | . 18 Successful 11 | . 11 Failed 7 | . 7 Catastrophic . | . . Database Lockouts . | . . Manual . | . . Terminals 10 | . 10 Fabricators . | . . Repair Stations 3 | . 3 Recycling Units 5 | . 5 Scanalyzers . | . . Garrison Access . | . . Terminal Hacks 8 | . 8 Record 3 | . 3 Robot Analysis 1 | . 1 Prototype ID Bank 1 | . 1 Emergency Access Points 1 | . 1 Alert Level 1 | . 1 Unreport Threat 1 | . 1 Fabricator Hacks . | . . Repair Station Hacks 1 | . 1 Scan Component 1 | . 1 Recycling Unit Hacks 2 | . 2 Report Inventory 1 | . 1 Retrieve Components 1 | . 1 Scanalyzer . | . . Garrison Access Hacks . | . . Unauthorized Hacks . | . . Terminals . | . . Fabricators . | . . Repair Stations . | . . Recycling Units . | . . Scanalyzers . | . . Garrison Access . | . . Data Cores Recovered . | . . Used . | . . Hacking Detections 5 | . 5 Full Trace Events 4 | . 4 Feedback Events 1 | . 1 Corruption 1 | . 1 Feedback Blocked . | . . Robot Schematics Acquired . | . . Robots Built . | . . Authchips . | . . Time . | . . Total Robot Build Rating . | . . Part Schematics Acquired . | . . Parts Built . | . . Authchips . | . . Time . | . . Total Part Build Rating . | . . Parts Repaired . | . . Time . | . . Parts Recycled . | . . Recycled Matter . | . . Retrieved Matter . | . . Retrieved Components 9 | . 9 Parts Scanalyzed . | . . Part Schematics Acquired . | . . Parts Damaged . | . . Bothacking | -11 -10 ------------ Run | Yrd Mat Used RIF Installer . | . . Robots Hacked 1 | . 1 Non-combat 1 | . 1 Combat . | . . Robot Hacks Applied 1 | . 1 parse_system 1 | . 1 Relay Couplers Released . | . . Fabnet Peak Effective % . | . . Robots Rewired . | . . Allies Hacked . | . . Hacks Repelled . | . . Allies | -11 -10 -------- Run | Yrd Mat Total Allies . | . . Largest Group . | . . Highest-Rated Group . | . . Highest-Rated Ally . | . . Total Orders . | . . Ally Attacks . | . . Total Damage . | . . Kills . | . . Allies Corrupted . | . . Allies Melted . | . . Intel | -11 -10 ------- Run | Yrd Mat Robot Analysis Total 1 | . 1 Derelict Logs Recovered . | . . Drone Launches . | . . Drone Recoveries . | . . Exploration | -11 -10 ------------- Run | Yrd Mat Turns Passed 1194 | 131 1063 Spaces Moved 678 | 122 556 Core 79 | 58 21 Treads . | . . Legs 452 | . 452 Wheels 147 | 64 83 Hover . | . . Flight . | . . Fastest Speed 50 | 50 50 Average Speed 146 | 65 163 Slowest Speed 260 | 80 260 Overloaded Moves . | . . Propulsion Burnouts . | . . Robots Hopped . | . . Cave-ins Triggered . | . . Exploration Rate (%) 34 | 6 63 Regions Visited 1 Branch Regions . Pre-discovered Areas . | . . Known Exits Taken . | . . Unknown Exits Taken 1 | 1 . Scrap Searched . | . . Spaces Dug . | . . Terrain Destroyed 47 | . 47 Melee . | . . Projectile . | . . AOE 47 | . 47 Terrain Rammed . | . . Walls Destroyed . | . . Machines Disabled . | . . Actions | -11 -10 --------- Run | Yrd Mat Total 822 | 162 660 Wait 27 | 18 9 Move 677 | 121 556 Hop . | . . Pick Up 27 | 9 18 Fast Attach 1 | . 1 Attach 17 | 4 13 Detach 1 | . 1 Swap 5 | . 5 Drop 9 | . 9 Fire 54 | 10 44 Melee 3 | . 3 Ram . | . . Kick 1 | . 1 Crush . | . . Escape Stasis . | . . Rewire . | . . Trap . | . . Miscellaneous . | . . Route ------- -11/Scrapyard -10/Materials (discovered 2 exits: [*Mat] / [*Min]) History --------- Turn | Location | Event 2 | -11/Scrapyard | Met Revision 17 85 | -11/Scrapyard | Discovered new exit (range 8) 132 | -11/Scrapyard | Entered Materials 217 | -10/Materials | Core integrity fell below 50% 255 | -10/Materials | Core integrity fell below 20% 271 | -10/Materials | Lost 5 parts (1p2n2w) 310 | -10/Materials | Build established: Mutant 389 | -10/Materials | Discovered new exit (range 13) 876 | -10/Materials | Discovered new exit (range 5) 1195 | -10/Materials | Destroyed by G-34 Mercenary with Small Laser Last Messages --------------- Heat Sink Sml. Laser ALERT: Suspicious activity at Recycling Unit M002. Dispatching Investigation squad. Acquired Signal Interpreter. Dropped Ion Engine. Acquired Ion Engine. O-16 Technician: "IFF HANDSHAKE FAILED. SECURING TERMINAL." [Achievement: Storm Trooper] O-16 Technician uses terminal to summon reinforcements. ALERT: Hostiles spotted, dispatching reinforcements to Terminal M001. O-16 Technician locks terminal. G-34 Mercenary destroyed. K-01 Serf collects debris. G-34 Mercenary destroyed. K-01 Serf collects debris. [Achievement: First Step to Greatness] Map ----- +----------------------------------------------------+ | [## """ #??????????????????????????? | | =## """ #??????????????????????????? | | ## ###########????????????????? | | ! ## # #????????????????? | | ####/### """"""" #????????????????? | | #+### # """"""" #????????????????? | | "" # """"""" #????????????????? | | T + """"""" #????????????????? | | # """"""" #????????????????? | | ##### # #????????????????? | | ###### ## #????????????????? | | # #########+#####?????????????? | | # #?????# =! = #?????????????? | | ! + #?????# [!*! #?????????????? | | # #?????#="Y" #?????????????? | | # #?????# """ ] #?????????????? | | " # #?????# #?????????????? | | T # ###########+########## #??? | | " # =%%! #??? | | # !* #??? | | ###### """ k g #??? | | ?????# """"" ##+#### ##### #??? | | ?????# """"" ?# ##g#??????????? | | ?????# """"" ??# ! ## #??????????? | | ?????# """ ??# ## #??????????? | | ?????# ???# + @#??????????? | | ##???? ???# ####??????????? | | ??? ????# #?????????????? | | ??? ????# #?????????????? | | < ?? ?????#####?????????????? | | ???? ???????????????????????? | | ????? ????????????????????????? | | ?????????? ????????????????????????? | | ?????????????????????????????????????? | | ?????????????????????????????????????? | | ?????????????????????????????????????? | | ?????????????????????????????????????? | | ?????????????????????????????????????? | | ?????????????????????????????????????? | | ?????????????????????????????????????? | | ?????????????????????????????????????? | | ?????????????????????????????????????? | | ?????????????????????????????????????? | | ?????????????????????????????????????? | | ?????????????????????????????????????? | | ?????????????????????????????????????? | | ?????????????????????????????????????? | | ?????????????????????????????????????? | | ?????????????????????????????????????? | | ?????????????????????????????????????? | +----------------------------------------------------+ Best States ------------- Heat Dissipation 25 Energy Generation 10 Energy Capacity 250 Matter Stores 300 Matter Capacity 300 Sight Range 18 Terrain Scan Density 10 Core Shielding 20 Evasion (%) 55 Recoil Reduction 1 Item Schematics ----------------- None Robot Schematics ------------------ None Fabricated ------------ Nothing Alien Tech Used ----------------- None Achievements -------------- Crack Shot Everything Is Under Control First Step to Greatness One Hack Too Far Storm Trooper Uninvited Guest Challenges ------------ None Game ------ Seed AssaultKineticSword Manual? 0 Play Time 00:35:43 Cumulative 0.5 hours Start 2024.10.08 @ 13:21:47 End 2024.10.08 @ 14:13:45 Sessions 1 Manual Loads 0 Difficulty Rogue Special Mode None Game No. 1 Rogue 1 Adventurer 0 Explorer 0 Win Type - Total 0 Types 0/0/0/0/0/0/0/0/0 Lore% 0 Gallery% 1 Achievement% 2 Wizard Run 0 Options --------- Layout 1 ASCII 0 Keyboard 0 Movement Arrows Keybinds 0 Fullscreen 0 Font 20/SmallcapsGlow Map View 50x35 Zoom Use 0% Tactical HUD 0 Map Filters NONE Filters NONE Steam 1 RUN: e9c3e914-b4c4-4e0f-a736-5f5742fdbfeb